 Dungeon Crawl Stone Soup version 0.27.1-34-g3ba077fa99 (webtiles) character file.

Game seed: 1406119483531810429

14459 boopmooplesden the Carver (level 11, -2/95 (97) HPs)
             Began as a Minotaur Fighter on Jan 7, 2022.
             Was a High Priest of Okawaru.
             Killed from afar by Frances (19 damage)
             ... with a shard of ice
             ... on level 14 of the Dungeon.
             The game lasted 00:19:00 (12096 turns).

boopmooplesden the Carver (Minotaur Fighter)       Turns: 12096, Time: 00:19:01

HP:   -2/95 (97)    AC: 16    Str: 23    XL:     11   Next: 89%
MP:   10/10         EV:  9    Int:  5    God:    Okawaru [*****.]
Gold: 236           SH: 19    Dex: 11    Spells: 10/10 levels left

rFire    . . .     SeeInvis .   B - +5 scimitar of Embarrassment {freeze, rC++ Will+}
rCold    + + .     Faith    .   c - +1 kite shield
rNeg     + . .     Spirit   .   w - +0 chain mail
rPois    .         Reflect  +   g - +2 hat
rElec    .         Harm     .   n - +0 cloak
rCorr    .         Rampage  .   (no gloves)
Will     +....                  G - +0 pair of boots
Stlth    ..........             j - amulet of reflection
HPRegen  0.25/turn              d - ring of positive energy
MPRegen  0.12/turn              (no ring)

@: lightly drained
A: horns 2, retaliatory headbutt
a: Renounce Religion, Heroism, Finesse


You were on level 14 of the Dungeon.
You worshipped Okawaru.
Okawaru was extremely pleased with you.
You visited 2 branches of the dungeon, and saw 13 of its levels.
You visited 1 bazaar.

You collected 558 gold pieces.
You spent 322 gold pieces at shops.

Inventory:

Hand Weapons
 a - a +2 long sword of flaming
 B - the +5 scimitar of Embarrassment (weapon) {freeze, rC++ Will+}
   (You found it on level 7 of the Dungeon)

   It freezes those it strikes, dealing additional cold damage.
   It can also slow down cold-blooded creatures.
   rC:        It greatly protects you from cold.
   Will:      It increases your willpower.
 D - a +6 spear of flaming
 L - the +4 war axe of Dissatisfaction {vorpal, *Slow Will+ rCorr Int+2}
   (You bought it in a shop in a bazaar)

   It inflicts extra damage upon your enemies.
   Int:       It affects your intelligence (+2).
   rCorr:     It protects you from acid and corrosion.
   *Slow:     It may slow you when you take damage.
   Will:      It increases your willpower.
Missiles
 k - 4 silver boomerangs (quivered)
 m - 17 boomerangs
 t - 6 atropa-tipped darts
 E - a throwing net
Armour
 b - a +0 scale mail
 c - a +1 kite shield (worn)
 g - a +2 hat (worn)
 n - a +0 cloak (worn)
 s - the +1 robe "Ehyots" {Rampage +Inv rPois rN+++}
   (You found it on level 7 of the Dungeon)

   rPois:     It protects you from poison.
   rN:        It renders you almost immune to negative energy.
   +Inv:      It lets you turn invisible.
   Rampage:   It bestows one free step when moving towards enemies.
 w - a +0 chain mail (worn)
 G - a +0 pair of boots (worn)
Jewellery
 d - a ring of positive energy (left hand)
 h - an amulet of magic regeneration
 j - an amulet of reflection (around neck)
 H - an amulet of the acrobat
 I - a ring of fire
Wands
 p - a wand of polymorph (10)
 q - a wand of charming (2)
 x - a wand of acid (10)
 J - a wand of flame (8)
Scrolls
 v - a scroll of amnesia
 y - 2 scrolls of fog
 M - a scroll of identify
Potions
 f - a potion of brilliance
 i - a potion of attraction {unknown}
 l - a potion of mutation {unknown}
 o - 4 potions of flight
 r - 3 potions of magic
 u - a potion of degeneration {unknown}
 A - a potion of invisibility {unknown}
 C - 2 potions of curing
 K - 2 potions of lignification
Miscellaneous
 F - a piece from Xom's chessboard (15/15)


   Skills:
 + Level 9.1 Fighting
 + Level 13.2 Long Blades
 + Level 2.7 Throwing
 + Level 10.0 Armour
 + Level 4.8 Dodging
 + Level 0.8 Stealth
 + Level 12.7 Shields
 + Level 0.4 Invocations


You had 10 spell levels left.
You didn't know any spells.
Your spell library contained the following spells:

 Spells                   Type           Power      Damage    Failure   Level
 Foxfire                  Conj/Fire      0%         2x1d4     99%         1
 Magic Dart               Conj           0%         1d3       99%         1
 Searing Ray              Conj           0%         3d3       99%         2
 Static Discharge         Conj/Air       0%         N/A       99%         2
 Sublimation of Blood     Necr           0%         N/A       99%         2
 Wereblood                Tmut           0%         N/A       99%         2
 Conjure Flame            Conj/Fire      0%         6-21      100%        3
 Gell's Gravitas          Tloc           0%         N/A       100%        3
 Inner Flame              Hex/Fire       0%         N/A       100%        3
 Teleport Other           Tloc           0%         N/A       100%        3
 Dispel Undead            Necr           0%         3d6       100%        4
 Fulminant Prism          Conj/Hex       0%         3d6       100%        4
 Ice Form                 Ice/Tmut       0%         N/A       100%        4
 Sticky Flame             Conj/Fire      0%         2d3       100%        4
 Dispersal                Tloc           0%         N/A       100%        6
 Statue Form              Tmut/Erth      0%         N/A       100%        6
 Malign Gateway           Summ/Tloc      0%         N/A       100%        7
 Summon Hydra             Summ           0%         N/A       100%        7


Dungeon Overview and Level Annotations

Branches:
Dungeon (11/15)            Temple (1/1) D:6            Lair (0/6) D:11
    Orc: D:9-12

Altars:
Ashenzari
Cheibriados
Dithmenos
Elyvilon
Fedhas
Gozag
Hepliaklqana
Kikubaaqudgha
Makhleb
Nemelex Xobeh
Okawaru
Qazlal
Ru
Sif Muna
Trog
Uskayaw
Vehumet
Wu Jian
Xom
Yredelemnul
Zin
The Shining One

Shops:
D:11 *[?*

Annotations:
D:14 Frances, Louise


Innate Abilities, Weirdness & Mutations

You have a pair of horns on your head.
You reflexively headbutt those who attack you in melee.


Message History

Frances hits you with a +0 dire flail!
Louise hits you from afar with a +1 demon trident of draining!
* * * LOW HITPOINT WARNING * * *
You partially resist.
You feel drained.
* * * LOW HITPOINT WARNING * * *
You block the hellwing's attack. x2; Frances hits you with a +0 dire flail!!
* * * LOW HITPOINT WARNING * * *
Unknown command.
You feel much better. Louise hits you but does no damage. You partially resist.
You block the hellwing's attack. x2; Frances hits you with a +0 dire flail!!
* * * LOW HITPOINT WARNING * * *
The ice devil closely misses you.
You feel much better. Frances hits you with a +0 dire flail!
* * * LOW HITPOINT WARNING * * *
You block Louise's attack. The hellwing hits you!
* * * LOW HITPOINT WARNING * * *
The hellwing hits you but does no damage.
You block the ice devil's attack. Frances barely misses you.
You furiously retaliate!
You headbutt Frances, but do no damage.
Things that are here:
a +0 dagger; a manticore corpse You feel much better.
Frances hits you with a +0 dire flail.
The hellwing hits you but does no damage.
You block the hellwing's attack.
Okay, then.
You hit Frances but do no damage. Your headbutt misses Frances.
Frances is heavily wounded.
Frances hits you with a +0 dire flail!
* * * LOW HITPOINT WARNING * * *
You block the sun demon's attack. You block the hellwing's attack.
The hellwing hits you but does no damage.
Frances hits you with a +0 dire flail!
* * * LOW HITPOINT WARNING * * *
You barely miss Frances.
Frances is heavily wounded.
Your hearing returns.
You block the sun demon's attack.
Frances mutters in a terrible tongue.
The shard of ice hits you!! You partially resist.
You die...

###### ##.....###
#........#
##........##
##...........
####...........
##44@.........#
#..@#3........#.#
#...@##..........#
##.............#.
#............##
.#...........#
..#.............
...................
......#.............


You could see Frances (fast), Louise, a sun demon (summoned), a hellwing
(summoned) and an ice devil (summoned).

Vanquished Creatures
  A two-headed ogre (D:11)
  3 skeletal warriors (D:11)
  Pikel (D:9)
  A deep elf pyromancer (D:14)
  2 manticores
  A komodo dragon (D:11)
  A kobold demonologist (D:11)
  A centaur simulacrum (D:14)
  A wyvern (D:9)
  22 yaks
  3 vampires
  A wraith (D:10)
  Eustachio (D:4)
  4 vampire mosquitoes (D:11)
  A steam dragon (D:9)
  An acid dragon (D:9)
  2 orc warriors
  3 ice beasts
  2 sky beasts
  A hornet zombie (D:8)
  A necrophage (D:5)
  4 centaurs
  3 ogres
  3 lemures (D:9)
  2 kobold brigands
  2 bullfrogs
  5 gnoll sergeants
  3 scorpions
  6 killer bees (D:8)
  2 water moccasin skeletons
  A wight (D:7)
  5 centaur zombies
  4 howler monkeys
  11 hounds
  2 centaur skeletons (D:7)
  3 gnoll shamans (D:9)
  4 jellies
  7 orc priests
  A bullfrog skeleton (D:5)
  Ijyb (D:3)
  A scorpion zombie (D:5)
  An iguana (D:5)
  13 orc wizards
  A killer bee zombie (D:3)
  A howler monkey zombie (D:6)
  Robin (D:4)
  27 gnolls
  9 adders
  A howler monkey skeleton (D:5)
  A shadow imp (D:8)
  A white imp (D:5)
  An adder skeleton (D:4)
  3 worms
  3 dart slugs
  23 orcs
  6 bats
  7 endoplasms
  5 giant cockroaches
  16 goblins
  8 hobgoblins
  9 jackals
  20 kobolds
  3 quokkas
  4 ball pythons
  7 frilled lizards
  A quokka skeleton (D:4)
  6 rats
302 creatures vanquished.

Vanquished Creatures (others)
  A kobold brigand (D:11)
  An orc wizard (D:9)
  A kobold (D:11)
  7 fungi (D:5)
  7 plants (D:11)
17 creatures vanquished.

Grand Total: 319 creatures vanquished

Notes
Turn   | Place    | Note
-------+----------+-------------------------------------------
     0 | D:1      | boopmooplesden the Minotaur Fighter began the quest for the
                  | Orb.
     0 | D:1      | Reached XP level 1. HP: 19/19 MP: 0/0
   168 | D:1      | Reached XP level 2. HP: 23/27 MP: 1/1
   715 | D:1      | Reached XP level 3. HP: 33/33 MP: 2/2
   957 | D:2      | Reached skill level 3 in Long Blades
  1052 | D:2      | Reached skill level 1 in Dodging
  1097 | D:2      | Reached XP level 4. HP: 8/40 MP: 3/3
  1731 | D:3      | Noticed an ogre
  1743 | D:3      | Killed an ogre
  1744 | D:3      | Reached skill level 4 in Long Blades
  1744 | D:3      | Reached XP level 5. HP: 39/46 MP: 4/4
  2094 | D:3      | Noticed an ice beast
  2103 | D:3      | Killed an ice beast
  2104 | D:3      | Reached skill level 5 in Shields
  2104 | D:3      | Reached XP level 6. HP: 42/52 MP: 5/5
  2198 | D:3      | Reached skill level 5 in Long Blades
  2304 | D:3      | Found a faded altar of an unknown god.
  2759 | D:3      | Noticed Ijyb
  2768 | D:3      | Killed Ijyb
  2769 | D:3      | Reached skill level 5 in Armour
  2943 | D:4      | Noticed Eustachio
  2961 | D:4      | Killed Eustachio
  2962 | D:4      | Reached skill level 1 in Throwing
  3042 | D:4      | Noticed Robin
  3046 | D:4      | Killed Robin
  3054 | D:4      | Reached XP level 7. HP: 55/60 MP: 6/6
  3433 | D:4      | Reached skill level 6 in Long Blades
  4148 | D:5      | Entered Level 5 of the Dungeon
  4276 | D:5      | Found a bloodstained altar of Trog.
  4350 | D:5      | Reached XP level 8. HP: 67/67 MP: 7/7
  4379 | D:5      | Reached skill level 5 in Fighting
  4379 | D:5      | Reached skill level 7 in Long Blades
  4811 | D:5      | HP: 3/68 [orc priest/divine providence (14)]
  5701 | D:6      | Reached skill level 8 in Long Blades
  5739 | D:6      | Reached XP level 9. HP: 31/75 MP: 8/8
  6117 | D:6      | Found a staircase to the Ecumenical Temple.
  6296 | Temple   | Entered the Ecumenical Temple
  6308 | Temple   | Became a worshipper of Warmaster Okawaru
  6618 | D:7      | Reached skill level 9 in Long Blades
  6666 | D:7      | Identified the +1 robe "Ehyots" {Rampage +Inv rPois rN+++}
  6935 | D:7      | Reached * piety under Okawaru
  7073 | D:7      | Identified the +5 scimitar of Embarrassment {freeze, rC++
                  | Will+}
  7715 | D:8      | Reached skill level 10 in Long Blades
  7993 | D:8      | Reached XP level 10. HP: 59/86 MP: 9/9
  7995 | D:8      | Reached ** piety under Okawaru
  8128 | D:8      | Got the Handbook of Moulding and Calling
  8511 | D:9      | Noticed Pikel
  8519 | D:9      | Killed Pikel
  8520 | D:9      | Reached skill level 11 in Long Blades
  8520 | D:9      | Reached skill level 10 in Shields
  8586 | D:9      | Reached *** piety under Okawaru
  9752 | D:10     | Entered Level 10 of the Dungeon
  9924 | D:10     | Found a shadowy altar of Dithmenos.
  9930 | D:10     | Found a hide-covered altar of Uskayaw.
  9944 | D:10     | Reached skill level 12 in Long Blades
 10121 | D:10     | Found a shimmering blue altar of Sif Muna.
 10187 | D:10     | Reached **** piety under Okawaru
 10198 | D:10     | Reached XP level 11. HP: 81/94 MP: 10/10
 10884 | D:11     | Found a staircase to the Lair.
 10937 | D:11     | Noticed a two-headed ogre
 10946 | D:11     | Killed a two-headed ogre
 10946 | D:11     | Reached ***** piety under Okawaru
 11042 | D:11     | Found Daosoj's Magic Scroll Boutique.
 11103 | D:11     | Found a flickering gateway to a bazaar.
 11114 | Bazaar   | Entered a bazaar
 11117 | Bazaar   | Found Soqentyr's Assorted Antiques.
 11122 | Bazaar   | Found Zyusmir's Assorted Antiques.
 11338 | Bazaar   | Found Atuchun's Antique Weapon Shoppe.
 11345 | Bazaar   | Bought a faintly glowing war axe for 246 gold pieces
 11345 | Bazaar   | Identified the +4 war axe of Dissatisfaction {vorpal, *Slow
                  | Will+ rCorr Int+2} (You bought it in a shop in a bazaar)
 11348 | Bazaar   | Found Otoriwen's Antique Weapon Boutique.
 11369 | Bazaar   | Bought a sapphire potion for 15 gold pieces
 11374 | Bazaar   | Bought 2 bubbling dark potions for 61 gold pieces
 11519 | D:11     | Found Suohisk's Demolitions Depot.
 11563 | D:11     | Found Socerui's Assorted Antiques.
 11566 | D:11     | Found Teraecwo's Armour Boutique.
 11588 | D:11     | Noticed a skeletal warrior
 11589 | D:11     | Noticed a skeletal warrior
 11619 | D:11     | Killed a skeletal warrior
 11634 | D:11     | Killed a skeletal warrior
 11634 | D:11     | Identified the +1 robe of a Labyrinth {Will++ Int-2}
                  | (Okawaru gifted it to you on level 11 of the Dungeon)
 11634 | D:11     | Received a gift from Okawaru
 11798 | D:11     | Noticed a skeletal warrior
 11805 | D:11     | Killed a skeletal warrior
 12070 | D:11     | You fall into a shaft and drop 3 floors!
 12070 | D:14     | Noticed Frances
 12070 | D:14     | Noticed a deep elf pyromancer
 12071 | D:14     | Noticed Louise
 12075 | D:14     | Reached skill level 13 in Long Blades
 12079 | D:14     | Noticed a sun demon
 12085 | D:14     | Killed a deep elf pyromancer
 12086 | D:14     | Reached skill level 10 in Armour
 12090 | D:14     | HP: 1/95 [Frances (20)]
 12096 | D:14     | Killed from afar by Frances

Illustrated notes

Levels and vault maps discovered:
D:1:      saegor_arrival_under_anarchy, layout_loops_ring
D:2:      layout_rooms
D:3:      layout_loops_ring, hellmonk_ecumenical_altar_arch_garden, uniq_ijyb
D:4:      layout_loops_corners, hangedman_abyss_or_decor_stagger, uniq_robin,
          uniq_eustachio
D:5:      layout_rooms, mainiacjoe_overflow_tiny_flanked, serial_aquarium,
          aquarium_bridge_square [aquarium_subvault_bridge,
          aquarium_subvault_bridge, aquarium_subvault_balcony,
          aquarium_subvault_bridge], aquarium_bridge_straight
          [aquarium_subvault_bridge, aquarium_subvault_window,
          aquarium_subvault_bridge, aquarium_subvault_window],
          aquarium_window_double, aquarium_window_3, aquarium_window_corner,
          aquarium_window_1, aquarium_view_2f, aquarium_view_2e,
          aquarium_balcony_3b
D:6:      layout_rooms, temple_green, kennysheep_crisscross,
          serial_bayou_pond_d, minmay_misc_feat_iff, serial_park_tiny_pond
D:7:      layout_loops_ring, minmay_checkerbox
D:8:      layout_loops_cross
D:9:      layout_cave_pods, serial_gnoll_camp, gnoll_camp_huts_basic,
          gnoll_camp_mini_doghouse, gnoll_camp_medium_01,
          gnoll_camp_mini_loothouse, gnoll_camp_mini_doghouse, uniq_pikel
D:10:     layout_stronghold, mainiacjoe_overflow_large_starburst,
          old_standard_altar
D:11:     layout_loops_cross, david_lair_shrubbed, serial_shops, bzr_firewalk,
          shop, nicolae_shop_stone, shop, nicolae_blasting_shop,
          minmay_misc_feat_nine_boxes
D:14:     layout_cave_pools, grunt_vaults_entry_tiered, zin_angel,
          hangedman_decor_diamond_cutter, chequers_serial_rivers_small_3,
          minivault_5, uniq_louise, uniq_rupert, uniq_frances
Temple:   nicolae_temple_no_exploring_needed

Skill      XL: |  1  2  3  4  5  6  7  8  9 10 11 |
---------------+----------------------------------+-----
Armour         | 4 5 7 8 10 | 10.0
Shields        | 4 5 6 7 9 11 12 | 12.7
Long Blades    | 3 4 5 6 8 10 12 13 | 13.2
Dodging        | 1 2 3 4 |  4.8
Fighting       | 4 5 7 9 |  9.1
Throwing       | 1 2 |  2.7
Stealth        | |  0.8
Invocations    | |  0.4

Action                   |  1- 3 |  4- 6 |  7- 9 | 10-12 || total
-------------------------+-------+-------+-------+-------++-------
Melee: Long sword        |    99 |   123 |   281 |       ||   503
       Headbutt          |    13 |    19 |    69 |    79 ||   180
       Scimitar          |       |       |    66 |   386 ||   452
Throw: Boomerang         |       |     8 |    15 |       ||    23
Invok: Heroism           |       |       |       |     5 ||     5
  Use: Scroll            |       |     6 |     8 |     7 ||    21
       Potion            |       |       |     4 |     5 ||     9
Armor: Scale mail        |    55 |    65 |   100 |       ||   220
       Chain mail        |       |       |    38 |   144 ||   182
Dodge: Dodged            |    24 |    55 |   112 |   100 ||   291
Block: Kite shield       |    69 |    76 |   258 |   482 ||   885
       Reflection        |       |       |     1 |    18 ||    19
       Rpst.: Long sword |     5 |    18 |    25 |       ||    48
       Scimitar          |       |       |     7 |    28 ||    35
